cohdb
Replays
Latest Replays
All Replays
Popular Replays
Top Player Replays
Match Explorer
How It Works
Community
CoH3 Stats
Reddit
Sign in to upload your games and track your stats! →
Sign in with Steam
Match 42975226
Unlisted
Match 42975226
Overview
Messages
Build Orders
End
Royal Engineer Section
Royal Engineer Section
Selects Heavy Armor Battlegroup
Royal Engineer Section
Vickers Machine Gun Team
Vickers Machine Gun Team
Construct Field Infirmary
Construct Section Command Post
Vickers Machine Gun Team
Construct Section Command Post
Selects Engineer Detachments
Selects Forward Repair Assembly
Construct Platoon Command Post
Construct Company Command Post
Selects UNKNOWN (2162094)
Selects Light Vehicle Withdraw and Refit
Crusader II Medium Tank
Selects Radio Net
Royal Engineer Section
Crusader II Medium Tank
Foot Guards Section
Foot Guards Section
Churchill IV Heavy Tank
Churchill IV Heavy Tank
Armored Vehicle Training
Royal Engineer Section
Royal Engineer Section
Royal Engineer Section
Selects Recon Artillery
Recon Artillery
Churchill IV Heavy Tank
Radio Net
Royal Engineer Section
Recon Artillery
ConcernedApe
Cookie Addict
GeeNo
[TB] Pvt. Mike
0
0
Comments
sign in to comment!
No comments posted yet!